 Dungeon Crawl Stone Soup version 0.31-a0-358-gac0dbeb3ab (webtiles) character file.

Game seed: 9715609388749738951

32491 Newt the Mimic (level 13, 0/126 HPs)
             Began as a Pale Draconian Shapeshifter on July 25, 2023.
             Was the Champion of Okawaru.
             Succumbed to a black mamba's poison
             ... on level 3 of the Lair of Beasts.
             The game lasted 00:18:12 (15757 turns).

Newt the Mimic (Pale Draconian Shapeshifter)       Turns: 15757, Time: 00:18:12

Health: 0/126      AC: 14    Str: 27    XL:     13   Next: 31%
Magic:  3/18       EV: 11    Int: 16    God:    Okawaru [******]
Gold:   562        SH:  0    Dex: 11    Spells: 18/21 levels left

rFire   + .          .
                       - Unarmed
rCold   . . .        (shield currently unavailable)
rNeg    . . .        (body armour unavailable)
rPois   .            (helmet currently unavailable)
rElec   .            (cloak currently unavailable)
rCorr   .            (gloves currently unavailable)
SInv    .            (boots currently unavailable)
Will    .....        p - amulet "Qasymoh" {Spirit rF+ Slay+2}
Stlth   +            s - +6 ring of intelligence
HPRegen 0.41/turn    C - +4 ring of protection
MPRegen 0.16/turn

%: guardian spirit
@: lethally poisoned (0 -> -36), snake-form
A: constrict, boosted hp, (breathe steam), AC +8, large, unfitting armour,
(cold-blooded), (steam resistance), (big wings), low MP 1, (poison resistance),
evolution 1
a: Begin Untransformation, Renounce Religion, Heroism, Finesse, Duel


You were on level 3 of the Lair of Beasts.
You worshipped Okawaru.
Okawaru was exalted by your worship.
You were an enormous anaconda.
You visited 3 branches of the dungeon, and saw 14 of its levels.

You collected 632 gold pieces.
You spent 70 gold pieces at shops.

Inventory:

Hand Weapons
 I - the +12 pair of quick blades "Gyre" and "Gimble" {protect}
   (Okawaru gifted it to you on level 2 of the Lair of Beasts)
Missiles
 e - 7 javelins
 G - 3 throwing nets
Armour
 i - a +0 cloak
 y - the +3 pair of gauntlets of War {Slay+5}
   (You found it on level 7 of the Dungeon)

   Slay:      It affects your accuracy & damage with ranged weapons and melee
   (+5).
 K - a scarf of shadows
Jewellery
 p - the amulet "Qasymoh" (around neck) {Spirit rF+ Slay+2}
   (You found it on level 6 of the Dungeon)

   [amulet of guardian spirit]

   It causes incoming damage to be divided between your reserves of health and
   magic.
   Slay:      It affects your accuracy & damage with ranged weapons and melee
   (+2).
   rF:        It protects you from fire.
 q - a ring of flight
 s - a +6 ring of intelligence (left hand)
 x - a ring of protection from cold
 B - an amulet of the acrobat
 C - a +4 ring of protection (right hand)
 E - an amulet of regeneration
 L - an amulet of faith
Talismans
 b - a beast talisman
 l - a serpent talisman
Wands
 h - a wand of polymorph (7)
 v - a wand of paralysis (24)
 D - a wand of iceblast (9)
Scrolls
 c - 2 scrolls of amnesia
 d - 2 scrolls of revelation
 f - 4 scrolls of poison
 j - 2 scrolls of noise
 m - 2 scrolls of fog
 n - 2 scrolls of blinking
 r - 2 scrolls of fear
 u - 2 scrolls of teleportation
 F - a scroll of immolation
Potions
 a - 3 potions of lignification
 g - 4 potions of heal wounds
 k - 4 potions of mutation
 o - a potion of degeneration
 t - 4 potions of curing
 w - a potion of cancellation
 z - a potion of ambrosia
 A - a potion of magic {unknown}
 H - a potion of invisibility {unknown}
 J - a potion of haste


   Skills:
 - Level 7.0 Fighting
 - Level 6.0 Dodging
 - Level 9.0 Unarmed Combat
 - Level 4.9 Spellcasting
 - Level 5.3 Translocations
 - Level 5.8 Air Magic
 - Level 9.0 Invocations
 - Level 5.0 Evocations
 + Level 12.6 Shapeshifting


You had 18 spell levels left.
You knew the following spells:

 Your Spells              Type           Power      Damage    Failure   Level
a - Vhi's Electric Charg  Tloc/Air       42%        N/A       4%          3

Your spell library contained the following spells:

 Spells                   Type           Power      Damage    Failure   Level
 Poisonous Vapours        Pois/Air       26%        N/A       7%          2
 Mephitic Cloud           Conj/Pois/Air  10%        N/A       21%         3
 Hailstorm                Conj/Ice       3%         3d3       43%         3
 Inner Flame              Hex/Fire       3%         N/A       43%         3
 Ozocubu's Armour         Ice            3%         N/A       43%         3
 Arcjolt                  Conj/Air       6%         1d16      78%         5
 Freezing Cloud           Conj/Ice/Air   5%         6-21      88%         5
 Alistair's Intoxication  Tmut/Pois      2%         N/A       99%         5
 Borgnjor's Vile Clutch   Necr/Erth      1%         N/A       99%         5
 Metabolic Englaciation   Hex/Ice        1%         N/A       99%         5
 Yara's Violent Unravell  Hex/Tmut       1%         3d3       99%         5
 Eringya's Noxious Bog    Tmut/Pois      1%         4d6       100%        6
 Plasma Beam              Fire/Air       6%         2x1d17    100%        6
 Enfeeble                 Hex            1%         N/A       100%        7
 Summon Ice Beast         Ice/Summ       Unusable   N/A       N/A         4
 Simulacrum               Ice/Necr       Unusable   N/A       N/A         6

Dungeon Overview and Level Annotations

Branches:
Dungeon (9/15)             Temple (1/1) D:4            Lair (4/5) D:8
  Swamp (0/4) Lair:2        Snake (0/4) Lair:2          Orc (0/2) D:9
  Slime: Lair:4-5

Altars:
Ashenzari
Cheibriados
Dithmenos
Elyvilon
Fedhas
Gozag
Hepliaklqana
Makhleb
Okawaru
Qazlal
Ru
Sif Muna
Uskayaw
Vehumet
Xom
Yredelemnul
Zin
The Shining One

Shops:
D:7 *   D:8 *


Innate Abilities, Weirdness & Mutations

You are an enormous anaconda.
You have a powerful constriction melee attack.
Your maximum health is increased.
Your armour is entirely melded.
You are incapable of wielding weapons or throwing items.
((You can breathe blasts of scalding, opaque steam.))
((Your pale cyan-grey scales are hard. (AC +8)))
You cannot fit into any form of body armour.
((You are cold-blooded and may be slowed by cold attacks.))
((You are immune to the effects of steam.))
((Your large and strong wings let you fly.))
Your magical capacity is low. (-10% MP)
((Your system is resistant to poisons. (rPois)))
You have hidden genetic potential.


Message History

You constrict the basilisk. The basilisk gazes at you.
You are slowing down.
Unknown command.
You completely miss the basilisk.
The basilisk is lightly wounded.
You constrict the basilisk. The basilisk bites you.
* * * LOW HITPOINT WARNING * * *
Your limbs are stiffening.
Unknown command.
You body-slam the basilisk!!
The basilisk is almost dead.
You constrict the basilisk!
You kill the basilisk!
Okawaru accepts your kill.
You have turned to stone.
A water moccasin comes into view.
The water moccasin moves out of view.
A black mamba comes into view.
The black mamba hisses angrily.
The water moccasin hisses angrily.
You turn to flesh and can move again.
Unknown command.
Unknown command.
You hear the brisk rumble of an avalanche of rocks.
The black mamba barely misses you. The black mamba bites you!
* * * LOW HITPOINT WARNING * * *
You are poisoned.
The black mamba poisons you!
There is a stone staircase leading up, spattered with blood here.
Unknown command.
Unknown command.
* * * LOW HITPOINT WARNING * * *
You feel very sick. The black mamba barely misses you.
The black mamba bites you!
* * * LOW HITPOINT WARNING * * *
You are more poisoned.
The black mamba poisons you!
You climb upwards.
You die...

####P......#.P##......# #...##...
...##......#####......###...##...
....#.....+....##...........##...
....#..........##.....P##...#....
.#.#......#....##.....###.###....
.......<..#.....+.....P##.#P#....
...........#.###.................
..........P.#####†...............
................S................
................S†...............
.................................
.................................
####P....................#.#.#...
#####.................P..######..
...##....#P#.P.P##....#.+#### #..
....#....#####.####.........###..
...##....#..#..## #...#....>.##..


You could see a black mamba.

Vanquished Creatures
  Harold (D:9)
  2 hydras
  A centaur warrior (D:9)
  A boulder beetle (Lair:3)
  A two-headed ogre (D:9)
  5 death yaks (Lair:1)
  A bog body (Lair:2)
  An oklob plant (Lair:2)
  11 elephants
  4 black mambas
  11 cane toads
  3 komodo dragons
  4 polar bears
  2 trolls (D:9)
  4 dream sheep (Lair:3)
  3 blink frogs (Lair:2)
  3 shadows (D:9)
  2 wraiths
  36 yaks
  3 wyverns
  6 basilisks
  Menkaure (D:5)
  A naga (Lair:2)
  A two-headed ogre zombie (D:9)
  9 water moccasins
  3 orc warriors
  5 black bears
  3 ice beasts
  A sky beast (D:7)
  10 wolves
  A phantom (D:2)
  3 centaurs
  2 kobold brigands
  9 bullfrogs
  2 gnoll sergeants
  5 scorpions
  5 wights (D:8)
  A troll zombie (D:9)
  2 electric eels (Lair:2)
  6 hounds
  5 orc priests
  Crazy Yiuf (D:4)
  A gnoll bouda (D:6)
  2 jellies
  4 iguanas
  Ijyb (D:2)
  3 sleepcaps
  7 orc wizards
  5 hell rats
  6 ogre zombies (D:9)
  10 gnolls
  12 adders
  2 white imps
  3 ufetubi
  A worm (D:2)
  3 dart slugs
  37 orcs
  9 ball pythons
  13 endoplasms
  6 giant cockroaches
  13 goblins
  8 hobgoblins
  4 jackals
  7 quokkas
  10 bats
  2 frilled lizards
  A goblin skeleton (D:9)
  2 goblin zombies (D:9)
  A hobgoblin skeleton (D:9)
  5 hobgoblin zombies (D:9)
  10 kobolds
  3 orc skeletons (D:9)
  13 orc zombies (D:9)
  3 rats
388 creatures vanquished.

Vanquished Creatures (others)
  A hell rat (Lair:2)
1 creature vanquished.

Grand Total: 389 creatures vanquished

Notes
Turn   | Place    | Note
-------+----------+-------------------------------------------
     0 | D:1      | Newt the Draconian Shapeshifter began the quest for the
                  | Orb.
     0 | D:1      | Reached XP level 1. HP: 16/16 MP: 1/1
     7 | D:1      | Noticed a black bear
     7 | D:1      | Noticed a swamp drake
     8 | D:1      | Noticed an anaconda
     8 | D:1      | Noticed a swamp worm
   132 | D:1      | Reached XP level 2. HP: 25/25 MP: 2/2
   441 | D:1      | Reached XP level 3. HP: 30/31 MP: 3/3
   548 | D:1      | Found a faded altar of an unknown god.
   757 | D:2      | Noticed a phantom
   774 | D:2      | Killed a phantom
   775 | D:2      | Reached XP level 4. HP: 31/40 MP: 4/4
  1197 | D:2      | Reached XP level 5. HP: 46/46 MP: 5/5
  1295 | D:2      | Noticed Ijyb
  1338 | D:2      | Killed Ijyb
  2008 | D:3      | Reached skill level 4 in Shapeshifting
  2083 | D:3      | Reached XP level 6. HP: 46/52 MP: 6/6
  2496 | D:3      | You fall into a shaft and drop 1 floor!
  2674 | D:4      | Found a staircase to the Ecumenical Temple.
  2711 | Temple   | Entered the Ecumenical Temple
  2715 | Temple   | Became a worshipper of Warmaster Okawaru
  2738 | D:4      | Reached skill level 5 in Shapeshifting
  3374 | D:4      | Found a runed translucent door.
  3375 | D:4      | Noticed Crazy Yiuf
  3532 | D:4      | Your scales start taking on a pale cyan-grey colour.
  3532 | D:4      | Reached XP level 7. HP: 50/59 MP: 7/7
  3532 | D:4      | Gained mutation: You are immune to the effects of steam.
                  | [Pale Draconian growth]
  3773 | D:4      | Killed Crazy Yiuf
  3774 | D:4      | Reached skill level 6 in Shapeshifting
  3859 | D:5      | Entered Level 5 of the Dungeon
  3918 | D:5      | Reached * piety under Okawaru
  4346 | D:5      | Reached skill level 7 in Shapeshifting
  4713 | D:5      | Reached XP level 8. HP: 49/66 MP: 8/8
  4806 | D:5      | Noticed Menkaure
  4823 | D:5      | Killed Menkaure
  4823 | D:5      | Reached ** piety under Okawaru
  4824 | D:5      | Reached skill level 5 in Unarmed Combat
  5555 | D:6      | Found a burning altar of Makhleb.
  5583 | D:6      | Identified the amulet "Qasymoh" {Spirit rF+ Slay+2}
  5757 | D:6      | Reached skill level 8 in Shapeshifting
  5996 | D:6      | Reached XP level 9. HP: 69/71 MP: 9/9
  6614 | D:7      | Found Zin's Purification Station.
  6619 | D:7      | Found a glowing silver altar of Zin.
  6779 | D:7      | Reached skill level 9 in Shapeshifting
  6839 | D:7      | Found a sacrificial altar of Ru.
  7046 | D:7      | Reached skill level 5 in Fighting
  7529 | D:7      | Found the +3 pair of gauntlets of War {Slay+5}
  7933 | D:8      | Reached *** piety under Okawaru
  8193 | D:8      | Found a transporter.
  8193 | D:8      | Found Hozxaceaj's General Store.
  8267 | D:8      | Found a transporter.
  8388 | D:8      | Reached **** piety under Okawaru
  8389 | D:8      | Reached XP level 10. HP: 86/86 MP: 10/10
  8705 | D:8      | Found a staircase to the Lair.
  9171 | D:8      | Bought a potion of heal wounds for 70 gold pieces
  9304 | D:9      | Found a shimmering altar of Xom.
  9305 | D:9      | Found a shimmering altar of Xom.
  9305 | D:9      | Found a shimmering altar of Xom.
  9305 | D:9      | Found a shimmering altar of Xom.
  9305 | D:9      | Found a shimmering altar of Xom.
  9306 | D:9      | Noticed Harold
  9307 | D:9      | Found a shimmering altar of Xom.
  9307 | D:9      | Found a shimmering altar of Xom.
  9315 | D:9      | Killed Harold
  9315 | D:9      | Reached ***** piety under Okawaru
  9552 | D:9      | Found a runed translucent door.
  9556 | D:9      | Noticed a two-headed ogre
  9557 | D:9      | Noticed a centaur warrior
  9569 | D:9      | Killed a centaur warrior
  9570 | D:9      | Reached skill level 5 in Evocations
  9570 | D:9      | Reached skill level 1 in Spellcasting
  9570 | D:9      | Reached skill level 1 in Translocations
  9570 | D:9      | Reached skill level 1 in Air Magic
  9574 | D:9      | Killed a two-headed ogre
  9583 | D:9      | Reached XP level 11. HP: 33/92 MP: 4/14
  9847 | D:9      | Found a staircase to the Orcish Mines.
  9869 | D:9      | Received a gift from Okawaru
 10320 | D:9      | Learned a level 3 spell: Vhi's Electric Charge
 10588 | D:9      | Gained mutation: Your magical capacity is low. (-10% MP)
                  | [potion of mutation]
 10588 | D:9      | Gained mutation: Your system is resistant to poisons.
                  | (rPois) [potion of mutation]
 10588 | D:9      | Gained mutation: You have hidden genetic potential. [potion
                  | of mutation]
 10635 | Lair:1   | Entered Level 1 of the Lair of Beasts
 10742 | Lair:1   | Reached skill level 5 in Air Magic
 10979 | Lair:1   | Reached skill level 5 in Translocations
 11070 | Lair:1   | Received a gift from Okawaru
 11207 | Lair:1   | Noticed a six-headed hydra
 11216 | Lair:1   | Killed a six-headed hydra
 11236 | Lair:1   | Noticed a death yak
 11236 | Lair:1   | Noticed a death yak
 11237 | Lair:1   | Noticed a death yak
 11237 | Lair:1   | Noticed a death yak
 11256 | Lair:1   | Killed a death yak
 11276 | Lair:1   | Noticed a death yak
 11294 | Lair:1   | Killed a death yak
 11298 | Lair:1   | Killed a death yak
 11299 | Lair:1   | Reached skill level 5 in Invocations
 11301 | Lair:1   | Killed a death yak
 11302 | Lair:1   | Reached XP level 12. HP: 58/100 MP: 8/17
 11306 | Lair:1   | Killed a death yak
 11763 | Lair:2   | Found a staircase to the Swamp.
 12476 | Lair:2   | Found a staircase to the Snake Pit.
 12599 | Lair:2   | Gained mutation: You have great hidden genetic potential.
                  | [hidden potential]
 13171 | Lair:2   | Reached skill level 10 in Shapeshifting
 13241 | Lair:2   | Received a gift from Okawaru
 13241 | Lair:2   | Found the +12 pair of quick blades "Gyre" and "Gimble"
                  | {protect}
 13657 | Lair:2   | Reached skill level 11 in Shapeshifting
 14510 | Lair:3   | Reached XP level 13. HP: 99/105 MP: 10/18
 14847 | Lair:3   | Received a gift from Okawaru
 14963 | Lair:3   | Reached ****** piety under Okawaru
 14972 | Lair:3   | Reached skill level 12 in Shapeshifting
 14975 | Lair:3   | Gained mutation: Your large and strong wings let you fly.
                  | [hidden potential]
 14975 | Lair:3   | Lost mutation: You have great hidden genetic potential.
                  | [hidden potential expressed]
 15757 | Lair:3   | Succumbed to a black mamba's poison

Illustrated notes

Levels and vault maps discovered:
D:1:      onia_arrival_zoo_common, layout_loops_ring,
          shapermc_ecumenical_altar_petra
D:2:      kennysheep_the_goblin_king, layout_basic
D:3:      layout_loops_ring, minmay_fractal_squares_5
D:4:      layout_gridville, temple_doors_cd, uniq_crazy_yiuf_cottage
D:5:      layout_basic, uniq_menkaure, uniq_ijyb
D:6:      layout_gridville, kennysheep_mini_moat
D:7:      nicolae_cairo_tiling_large, layout_gridville,
          mainiacjoe_overflow_24_doors, zin_purify
D:8:      layout_basic, grunt_lair_entry_orc_guard_hut, serial_shops,
          nicolae_shop_drivethru
D:9:      layout_long_grid, xom_shifter_show, zombieorc2_lemuel,
          minmay_st_funbox, nrook_mini_vaults, uniq_harold
Temple:   zaba_magenta_temple
Lair:1:   layout_long_grid, serial_bayou_shore_a, grunt_megastairs_4
Lair:2:   layout_gridlike, skrybe_swamp_entry_bodies,
          guppyfry_snake_entry_garden
Lair:3:   layout_regular_city
Lair:4:   layout_cave_shapes, nicolae_volcano_entry_batcave

Skill      XL: |  1  2  3  4  5  6  7  8  9 10 11 12 13 |
---------------+----------------------------------------+-----
Fighting       | 2 3 4 7 |  7.0
Dodging        | 3 6 |  6.0
Shapeshifting  | 4 5 7 8 9 11 12 | 12.6
Unarmed Combat | 4 6 8 9 |  9.0
Evocations     | 5 |  5.0
Spellcasting   | 2 4 |  4.9
Translocations | 2 5 |  5.3
Air Magic      | 2 5 |  5.8
Invocations    | 6 9 |  9.0

Action                     |  1- 3 |  4- 6 |  7- 9 | 10-12 | 13-15 || total
---------------------------+-------+-------+-------+-------+-------++-------
  Melee: Unarmed           |    76 |   230 |   292 |   462 |    91 ||  1151
         Tailslap          |     9 |    23 |    30 |       |       ||    62
         Punch             |     1 |     5 |     7 |       |       ||    13
         Constrict         |       |       |    19 |   100 |    16 ||   135
   Cast: Vhi's Electric Ch |       |       |       |    12 |     4 ||    16
 Invoke: Heroism           |       |       |       |     3 |       ||     3
Ability: Breathe Steam     |       |       |     5 |       |       ||     5
  Evoke: Wand              |       |       |       |     1 |       ||     1
    Use: Scroll            |     2 |     6 |     4 |     4 |       ||    16
         Potion            |       |     1 |     3 |     1 |       ||     5
   Stab: Sleeping          |     2 |     1 |     1 |       |       ||     4
 Armour: Skin              |    14 |    75 |    87 |   165 |    48 ||   389
  Dodge: Dodged            |    50 |   150 |   126 |   211 |    58 ||   595
   Form: Anaconda          |       |       |     1 |       |       ||     1

Table legend: (Time is in decaauts)
 A = Elapsed time spent in this place.
 B = Non-inter-level travel time spent in this place.
 C = Inter-level travel time spent in this place.
 D = Time resting spent in this place.
 E = Time spent auto-exploring this place.
 F = Levels seen in this place.
 G = Mean time per level.
                   A        B        C        D        E       F      G
               +--------+--------+--------+--------+--------+-----+--------+
         Total |  15622 |  15115 |    507 |   3653 |   9348 |  14 | 1115.9 |
       Dungeon |  10549 |  10169 |    380 |   1660 |   7042 |   9 | 1172.1 |
        Temple |      8 |      1 |      7 |      0 |      0 |   1 |    8.0 |
          Lair |   5064 |   4945 |    119 |   1993 |   2305 |   4 | 1266.0 |
               +--------+--------+--------+--------+--------+-----+--------+

Top non-repeatable levels by time:
  Lair:2: 1812 daAuts
  Lair:3: 1665 daAuts
     D:5: 1639 daAuts
  Lair:1: 1545 daAuts
     D:8: 1407 daAuts
     D:9: 1388 daAuts
     D:7: 1253 daAuts
     D:4: 1200 daAuts
     D:2: 1077 daAuts
     D:6: 1040 daAuts
     D:3: 849 daAuts
     D:1: 694 daAuts
  Lair:4: 40 daAuts
  Temple: 8 daAuts
